 Dungeon Crawl Stone Soup version 0.19-a0-1922-g1e9a4c1 (webtiles) character file.

933 oplop the Chiller (level 8, 0/52 HPs)
             Began as a Merfolk Ice Elementalist on Oct 24, 2016.
             Was a Believer of Cheibriados.
             Slain by Duvessa
             ... wielding a +0 short sword
              (11 damage)
             ... on level 4 of the Dungeon.
             The game lasted 00:11:05 (3950 turns).

oplop the Chiller (Merfolk Ice Elementalist)        Turns: 3950, Time: 00:11:06

Health: 0/52       AC:  4    Str: 13    XL:     8   Next: 11%
Magic:  3/15       EV: 19    Int: 20    God:    Cheibriados [**....]
Gold:   198        SH:  0    Dex: 18    Spells: 4 memorised, 6 levels left

rFire  . . .     SeeInvis .     t - +2 dagger (holy)
rCold  . . .     Gourm    .     a - +0 robe
rNeg   . . .     Faith    .     (no shield)
rPois  +         Spirit   .     k - +0 helmet
rElec  .         Reflect  .     j - +0 cloak
rCorr  .         Harm     .     (no gloves)
MR     .....                    (no boots)
Stlth  ++........               (no amulet)
                                s - ring of poison resistance
                                A - +3 ring of evasion

@: very slightly contaminated, very slow
A: change form in water, swift swim, stealthy swim
a: Bend Time, Renounce Religion


You were on level 4 of the Dungeon.
You worshipped Cheibriados.
Cheibriados was pleased with you.
You were not hungry.

You visited 1 branch of the dungeon, and saw 5 of its levels.

You collected 198 gold pieces.

Inventory:

Hand Weapons
 m - a +0 dagger
 t - a +2 dagger of holy wrath (weapon)
Armour
 a - a +0 robe (worn)
 j - a +0 cloak (worn)
 k - a +0 helmet (worn)
Jewellery
 s - a ring of poison resistance (right hand)
 x - an uncursed ring of fire
 A - a +3 ring of evasion (left hand)
 D - an uncursed ring of protection from fire {unknown}
Wands
 u - a wand of paralysis (7/24)
Scrolls
 f - 5 scrolls of identify
 h - 5 scrolls of remove curse
 n - a scroll of blinking
 B - 2 scrolls of magic mapping
 C - a scroll of teleportation
 G - a scroll of random uselessness {unknown}
Potions
 d - 2 potions of mutation {unknown}
 e - 2 potions of might
 g - a potion of heal wounds {unknown}
 i - a potion of flight {unknown}
 l - 3 potions of invisibility {unknown}
 q - a potion of degeneration {unknown}
 v - a potion of curing {unknown}
 w - a potion of brilliance {unknown}
 E - a potion of haste {unknown}
 F - a potion of lignification {unknown}
Books
 b - a book of Frost

   Spells                             Type                      Level
   a - Freeze                         Ice                          1
   b - Throw Frost                    Conjuration/Ice              2
   c - Ozocubu's Armour               Charms/Ice                   3
   d - Throw Icicle                   Conjuration/Ice              4
   e - Summon Ice Beast               Ice/Summoning                4
 y - a book of Cantrips

   Spells                             Type                      Level
   a - Confusing Touch                Hexes                        1
   b - Animate Skeleton               Necromancy                   1
   c - Summon Small Mammal            Summoning                    1
   d - Apportation                    Translocation                1
Comestibles
 c - 7 bread rations
 o - a royal jelly
 p - a slice of pizza
 r - 2 meat rations
 z - 4 chunks of flesh


   Skills:
 + Level 5.5 Dodging
 - Level 2.1 Stealth
 * Level 4.8 Spellcasting
 - Level 0.7 Conjurations
 * Level 2.9 Summonings
 * Level 6.3 Ice Magic
 + Level 2.7 Invocations


You had 6 spell levels left.
You knew the following spells:

 Your Spells              Type           Power        Failure   Level  Hunger
a - Freeze                Ice            ####         1%          1    None
b - Ozocubu's Armour      Chrm/Ice       ###.....     12%         3    ##.....
c - Throw Frost           Conj/Ice       ###...       4%          2    #......
d - Summon Ice Beast      Ice/Summ       ###.....     21%         4    ####...


Dungeon Overview and Level Annotations

Branches:
Dungeon (5/15)             Temple (0/1) D:4

Altars:
Cheibriados
Dithmenos
Elyvilon
Hepliaklqana
Okawaru
Trog

Annotations:
D:3 Graouh's ghost, amateur MiFi
D:4 Duvessa
D:5 1 exclusion


Message History

Aiming: Freeze
Press: ? - help, Shift-Dir - straight line, f - Dowan
Aim: Dowan, wielding a dagger and wearing a robe (heavily wounded)
You freeze Dowan.
Dowan is severely wounded.
Duvessa hits you with a short sword! Dowan completely misses you.
Your ice beast closely misses Dowan.
Your ice beast barely misses Duvessa.
Casting: Freeze
Confirm with . or Enter, or press ? or * to list all spells.
Aiming: Freeze
Press: ? - help, Shift-Dir - straight line, f/p - Dowan
Aim: Dowan, wielding a dagger and wearing a robe (severely wounded)
You freeze Dowan.
You kill Dowan!
Cheibriados thoroughly appreciates the change of pace.
Duvessa screams in rage.
Duvessa goes berserk!
Duvessa hits you with a short sword!
* * * LOW HITPOINT WARNING * * *
Duvessa hits you with a short sword!
You die...

≈≈≈≈≈(#..(.....# #.# #.#
.....(((######.# #.# #.#
≈≈≈≈≈(########.#######.# #.#
#.#.#.#......#.........# #.#
#######......#################.#
#...........# #.............#.#
#...........# #.###########.#.#
#...........# #.# #.#.#
####.##########@## #.#.# #.#
.......e)Y# #.#)# #.#
......Y...# #.#.# #.#
..........# #.#.# #.#
../?......# #.#.# #.#
..........# #.#)# #.#
..........# #.#)# #.#
..........# #.#.# #.#
########.## #.#.##


You could see Duvessa (berserk) and 2 friendly ice beasts.

Vanquished Creatures
  Menkaure (D:4)
  An ogre (D:5)
  A centaur (D:5)
  Dowan (D:4)
  A howler monkey (D:5)
  A centaur zombie (D:5)
  A centaur skeleton (D:5)
  A hound (D:5)
  A jelly (D:5)
  An orc wizard (D:5)
  3 iguanas
  3 worker ants
  A worker ant zombie (D:5)
  5 gnolls
  A howler monkey skeleton (D:5)
  3 adders
  2 oozes
  3 adder skeletons (D:5)
  2 dart slugs
  A leopard gecko (D:4)
  4 orcs
  A ball python (D:3)
  6 bats
  3 giant cockroaches
  8 goblins
  4 hobgoblins
  4 jackals (D:2)
  3 kobolds
  2 quokkas
  A frilled lizard (D:1)
  4 rats
74 creatures vanquished.

Vanquished Creatures (collateral kills)
  An ogre (D:5)
  2 orc wizards (D:4)
  A worker ant (D:4)
  2 gnolls (D:4)
  An adder (D:4)
  2 orcs (D:4)
  2 goblins (D:4)
11 creatures vanquished.

Vanquished Creatures (others)
  A bush (D:5)
1 creature vanquished.

Grand Total: 86 creatures vanquished

Notes
Turn   | Place    | Note
-------+----------+-------------------------------------------
     0 | D:1      | oplop the Merfolk Ice Elementalist began the quest for the Orb.
     0 | D:1      | Reached XP level 1. HP: 13/13 MP: 3/3
   390 | D:1      | Reached XP level 2. HP: 19/19 MP: 3/5
   702 | D:2      | Found a shadowy altar of Dithmenos.
   885 | D:2      | Reached XP level 3. HP: 24/24 MP: 6/6
   945 | D:2      | Reached skill level 4 in Ice Magic
   974 | D:2      | Learned a level 3 spell: Ozocubu's Armour
   977 | D:2      | Learned a level 2 spell: Throw Frost
  1246 | D:2      | Found a white marble altar of Elyvilon.
  1249 | D:2      | Found a hazy altar of Hepliaklqana.
  1252 | D:2      | Found a snail-covered altar of Cheibriados.
  1494 | D:2      | Became a worshipper of Cheibriados the Contemplative
  1651 | D:3      | Noticed Graouh's ghost (amateur MiFi)
  1662 | D:3      | Reached XP level 4. HP: 30/30 MP: 4/8
  1797 | D:4      | Noticed Menkaure
  1899 | D:4      | Found a staircase to the Ecumenical Temple.
  2036 | D:5      | Entered Level 5 of the Dungeon
  2041 | D:5      | Noticed a centaur
  2108 | D:5      | Reached XP level 5. HP: 28/35 MP: 2/9
  2288 | D:5      | Noticed an ogre
  2298 | D:5      | Killed an ogre
  2298 | D:5      | Reached skill level 5 in Ice Magic
  2298 | D:5      | Reached skill level 1 in Invocations
  2298 | D:5      | Reached XP level 6. HP: 27/41 MP: 4/11
  2496 | D:5      | Reached * piety under Cheibriados
  2578 | D:5      | Learned a level 4 spell: Summon Ice Beast
  2635 | D:5      | Paralysed by a centaur for 2 turns
  2643 | D:5      | Reached skill level 1 in Summonings
  2643 | D:5      | Reached XP level 7. HP: 19/46 MP: 1/13
  2901 | D:5      | Found a bloodstained altar of Trog.
  3110 | D:5      | Reached skill level 6 in Ice Magic
  3478 | D:5      | Reached skill level 5 in Dodging
  3587 | D:4      | Killed Menkaure
  3807 | D:4      | Found an iron altar of Okawaru.
  3811 | D:4      | Reached XP level 8. HP: 45/52 MP: 8/15
  3811 | D:4      | Reached ** piety under Cheibriados
  3940 | D:4      | Noticed Duvessa
  3940 | D:4      | Noticed Dowan
  3950 | D:4      | Killed Dowan
  3950 | D:4      | Slain by Duvessa

Vault maps used:
D:1:      dpeg_arrival_tiny_a, minmay_tromino_v2
D:2:      nicolae_dithmenos_shadow_blocks, grunt_temple_overflow_diamond,
          minmay_split_cup_large
D:3:      nrook_loot_triangle, uniq_purgy, uniq_robin
D:4:      okawaru_altar_gauntlet_db, minmay_box_of_dots, uniq_duvessa,
          uniq_menkaure
D:5:      kb_forest_paths, lemuel_coloured_pillars_altar, first_bread,
          kb_lookout_dungeons_type

Skill      XL: |  1  2  3  4  5  6  7 |
---------------+----------------------+-----
Dodging        | 3 4 5 |  5.5
Ice Magic      | 4 5 6 |  6.3
Spellcasting   | 3 4 |  4.8
Invocations    | 1 2 |  2.7
Summonings     | 1 2 |  2.9
Stealth        | |  2.1
Conjurations   | |  0.7

Action                   |  1- 3 |  4- 6 |  7- 9 || total
-------------------------+-------+-------+-------++-------
Melee: Unarmed           |     5 |       |       ||     5
       Dagger            |    77 |    60 |    80 ||   217
 Cast: Freeze            |    35 |    24 |    29 ||    88
       Throw Frost       |       |     3 |     1 ||     4
       Ozocubu's Armour  |       |     3 |     7 ||    10
       Summon Ice Beast  |       |       |     6 ||     6
  Use: Scroll            |       |     7 |     1 ||     8
       Potion            |       |     1 |       ||     1
 Stab: Sleeping          |     2 |     4 |     1 ||     7
       Distracted        |       |       |     1 ||     1
  Eat: Chunk             |     3 |       |     4 ||     7
       Fruit             |       |     4 |       ||     4
Armor: Robe              |    26 |    14 |    21 ||    61
Dodge: Dodged            |   100 |    58 |   101 ||   259
